 Dungeon Crawl Stone Soup version 0.29.1-12-g30fa7ad0bf (webtiles) character file.

Game seed: 3885867743767691454

83183 ChadusMaximus the Fighter (level 15, -28/208 HPs)
             Began as a Minotaur Fighter on Dec 18, 2022.
             Was the Champion of Okawaru.
             Annihilated by an ironbound frostheart (33 damage)
             ... in an ice cave.
             The game lasted 00:31:08 (25096 turns).

ChadusMaximus the Fighter (Minotaur Fighter)       Turns: 25096, Time: 00:31:09

Health: -28/208    AC: 28    Str: 45    XL:     15   Next: 31%
Magic:  15/20      EV: 11    Int:  7    God:    Okawaru [******]
Gold:   829        SH: 16    Dex: 12    Spells: 14/14 levels left

rFire   . . .      SeeInvis .   V - +0 broad axe
rCold   . . .      Faith    .   Y - +1 kite shield of the Lich-sworn {Str+5 Dex+2}
rNeg    . . .      Spirit   .   E - +0 plate armour
rPois   .          Reflect  .   O - +2 hat
rElec   .          Harm     .   e - +2 cloak
rCorr   .          Rampage  .   c - +0 pair of gloves of Qiboc {Int+5}
Will    +++..      Rage     50% S - +0 pair of boots
Stlth   ..........              R - necklace of Bloodlust {*Rage Will++ Int-3 Slay+6}
HPRegen 0.44/turn               C - +6 ring of strength
MPRegen 0.17/turn               j - +6 ring of strength

@: berserking (expiring), heroic, very quick
A: horns 2, retaliatory headbutt
a: Renounce Religion, Heroism, Finesse, Duel


You were in an ice cave.
You worshipped Okawaru.
Okawaru was exalted by your worship.
You visited 3 branches of the dungeon, and saw 20 of its levels.
You visited 1 bazaar.
You also visited: Ossuary, Gauntlet and Ice Cave.

You collected 1639 gold pieces.
You spent 810 gold pieces at shops.

Inventory:

Hand Weapons
 V - a +0 broad axe (weapon)
Missiles
 f - 8 silver javelins
 h - 9 javelins (quivered)
 K - a throwing net
 L - 14 boomerangs
Armour
 c - the +0 pair of gloves of Qiboc (worn) {Int+5}
   (You found it in a Gauntlet)

   Int:       It affects your intelligence (+5).
 e - a +2 cloak (worn)
 E - a +0 plate armour (worn)
 O - a +2 hat (worn)
 S - a +0 pair of boots (worn)
 Y - the +1 kite shield of the Lich-sworn (worn) {Str+5 Dex+2}
   (Okawaru gifted it to you on level 3 of the Lair of Beasts)

   Str:       It affects your strength (+5).
   Dex:       It affects your dexterity (+2).
 Z - a scarf of repulsion
Jewellery
 j - a +6 ring of strength (right hand)
 C - a +6 ring of strength (left hand)
 F - an amulet of regeneration
 J - a ring of positive energy
 M - a ring of willpower
 N - a +4 ring of evasion
 R - the necklace of Bloodlust (around neck) {*Rage Will++ Int-3 Slay+6}
   (You found it on level 9 of the Dungeon)

   [amulet of nothing]

   It extends the wearer's berserk rage when killing foes.
   Int:       It affects your intelligence (-3).
   Slay:      It affects your accuracy & damage with ranged weapons and melee
   (+6).
   *Rage:     It berserks you when you make melee attacks (+50% chance).
   Will:      It greatly increases your willpower.
Wands
 k - a wand of iceblast (21)
 w - a wand of flame (46)
 x - a wand of quicksilver (49)
 H - a wand of mindburst (5)
 P - a wand of digging (12)
Scrolls
 a - a scroll of silence
 b - 6 scrolls of noise
 g - 4 scrolls of fear
 l - 5 scrolls of enchant armour
 o - 3 scrolls of poison
 p - 4 scrolls of vulnerability
 q - 10 scrolls of teleportation
 u - 7 scrolls of enchant weapon
 D - 5 scrolls of blinking
 G - 3 scrolls of immolation
 I - 4 scrolls of amnesia
 T - a scroll of brand weapon {unknown}
 X - a scroll of acquirement {unknown}
Potions
 d - 4 potions of might
 i - 7 potions of attraction
 m - 3 potions of berserk rage {unknown}
 n - 4 potions of lignification {unknown}
 r - 10 potions of heal wounds {unknown}
 s - 8 potions of curing
 t - 5 potions of brilliance {unknown}
 v - 5 potions of flight {unknown}
 y - 2 potions of resistance {unknown}
 z - 4 potions of degeneration {unknown}
 A - 8 potions of mutation
 B - a potion of cancellation {unknown}
 Q - 5 potions of haste
 U - 4 potions of ambrosia {unknown}
 W - 2 potions of magic {unknown}


   Skills:
 + Level 14.7(19.7) Fighting
 + Level 14.5(19.5) Axes
 - Level 11.9(16.9) Throwing
 + Level 14.6(19.6) Armour
 + Level 14.6(19.6) Shields
 * Level 8.4 Invocations


You had 14 spell levels left.
You didn't know any spells.
Your spell library contained the following spells:

 Spells                   Type           Power      Damage    Failure   Level
 Apportation              Tloc           0%         N/A       87%         1
 Necrotise                Necr           0%         1d4       87%         1
 Slow                     Hex            0%         N/A       87%         1
 Blink                    Tloc           0%         N/A       95%         2
 Ensorcelled Hibernation  Hex/Ice        0%         N/A       95%         2
 Passwall                 Tmut/Erth      0%         N/A       95%         2
 Wereblood                Tmut           0%         N/A       95%         2
 Confusing Touch          Hex            0%         N/A       99%         3
 Frozen Ramparts          Ice            0%         1d1       99%         3
 Ignite Poison            Fire/Tmut/Pois 0%         N/A       99%         3
 Mephitic Cloud           Conj/Pois/Air  0%         N/A       99%         3
 Ozocubu's Armour         Ice            0%         N/A       99%         3
 Portal Projectile        Hex/Tloc       0%         N/A       99%         3
 Spider Form              Tmut/Pois      0%         N/A       99%         3
 Swiftness                Air            0%         N/A       99%         3
 Vampiric Draining        Necr           0%         2d6       99%         3
 Anguish                  Hex/Necr       0%         N/A       100%        4
 Ice Form                 Ice/Tmut       0%         N/A       100%        4
 Olgreb's Toxic Radiance  Pois           0%         N/A       100%        4
 Blade Hands              Tmut           0%         N/A       100%        5
 Freezing Cloud           Conj/Ice/Air   0%         6-21      100%        5
 Irradiate                Conj/Tmut      0%         3d11      100%        5
 Manifold Assault         Tloc           0%         N/A       100%        5
 Metabolic Englaciation   Hex/Ice        0%         N/A       100%        5
 Dispersal                Tloc           0%         N/A       100%        6
 Dragon Form              Tmut           0%         N/A       100%        7
 Ozocubu's Refrigeration  Ice            0%         4d7       100%        7
 Storm Form               Tmut/Air       0%         N/A       100%        7
 Ignition                 Fire           0%         3d3       100%        8
 Summon Small Mammal      Summ           Unusable   N/A       N/A         1
 Summon Ice Beast         Ice/Summ       Unusable   N/A       N/A         4
 Simulacrum               Ice/Necr       Unusable   N/A       N/A         6
 Malign Gateway           Summ/Tloc      Unusable   N/A       N/A         7

Dungeon Overview and Level Annotations

Branches:
Dungeon (14/15)            Temple (1/1) D:7            Lair (5/5) D:9
 Shoals (0/4) Lair:3        Snake (0/4) Lair:2        Slime (0/5) Lair:5
    Orc (0/2) D:9          Vaults (0/5) D:13        Ossuary (visited)
  IceCv (1/1)             Gauntlet (visited)

Altars:
Ashenzari
Dithmenos
Fedhas
Hepliaklqana
Okawaru
Ru
Sif Muna
Trog
Uskayaw
Vehumet
Wu Jian
Xom
Yredelemnul
Zin
The Shining One
Jiyva

Shops:
D:3 :   D:12 ?

Annotations:
D:14 1 transporter, exclusion: 2 ice statues, lis82's ghost, journeyman DgAE


Innate Abilities, Weirdness & Mutations

You have a pair of horns on your head.
You reflexively headbutt those who attack you in melee.


Message History

You completely miss the frost giant. You headbutt the frost giant!
The frost giant is moderately wounded.
You slash the rime drake!
You kill the rime drake!
Okawaru accepts your kill.
You slice the frost giant!! You headbutt the frost giant!
The frost giant is severely wounded.
The frost giant hits you with a +2 battleaxe of freezing!
The frost giant freezes you.
The ironbound frostheart calls freezing cold from the walls.
The frost grips you.
You hit the frost giant. You headbutt the frost giant!
The frost giant is almost dead.
Unknown command.
You slice the frost giant!!
The necklace of Bloodlust glows a violent red.
You kill the frost giant!
Okawaru accepts your kill.
The ironbound frostheart calls freezing cold from the walls.
The frost grips you!!!
* * * LOW HITPOINT WARNING * * *
The ice encasing you melts away.
You hit the frost giant. You headbutt the frost giant!
The frost giant is lightly wounded.
You barely miss the ironbound frostheart.
You block the frost giant's attack.
The ironbound frostheart touches you but does no damage.
You chop the frost giant into pieces!!!
The frost giant is severely wounded.
You slice the ironbound frostheart!! You slash the frost giant!
The frost giant is severely wounded.
You closely miss the ironbound frostheart.
The frost giant points at you and mumbles some strange words.
The bolt of cold hits you!!
* * * LOW HITPOINT WARNING * * *
The ironbound frostheart touches you!
* * * LOW HITPOINT WARNING * * *
The ironbound frostheart freezes you!!
You die...

#..# ##.# ##..#
#..## #..#
##.## ### #..#
# ##.## #.##
#≈≈#.#.. #)@#
#≈≈≈≈.#.
##Cph.....
#≈≈≈≈###
#hk...... #.#≈≈
#
##.........##≈#
......... #≈
....###. ##
...## ..##


You could see a frost giant, an ironbound frostheart, 2 polar bears and a rime
drake.

Vanquished Creatures
  A frost giant (IceCv)
  A minotaur (Gauntlet)
  Snorg (D:13)
  A white draconian (IceCv)
  A fire dragon (Lair:5)
  A vault guard (D:13)
  9 hydras
  Fannar (Lair:3)
  5 ice dragons
  8 ironbound frosthearts (IceCv)
  2 two-headed ogres (D:10)
  2 centaur warriors
  A tengu warrior (D:14)
  2 death yaks (Lair:5)
  A fire crab (Gauntlet)
  3 skeletal warriors (D:13)
  2 deep trolls (D:9)
  A swamp dragon (Lair:5)
  2 lindwurms (Lair:5)
  Pikel (D:9)
  A deep elf pyromancer (D:12)
  An orange crystal statue (IceCv)
  9 wizards (D:12)
  11 ugly things
  2 manticores
  A moth of wrath (Gauntlet)
  A cyclops (D:12)
  8 elephants
  6 torpor snails (Lair:5)
  A smoke demon (Gauntlet)
  A merfolk siren (Lair:3)
  5 black mambas
  6 cane toads
  A gargoyle (D:12)
  Psyche (D:9)
  13 rime drakes
  A rime drake (shapeshifter) (D:12)
  9 komodo dragons
  A red devil (Gauntlet)
  4 tyrant leeches (Lair:5)
  3 trolls
  9 polar bears
  A merfolk (Lair:3)
  9 hornets
  18 blink frogs
  9 slime creatures
  A shadow (D:12)
  3 wraiths
  2 water elementals (D:14)
  4 wyverns
  A spriggan (D:8)
  A vampire (D:10)
  10 humans (D:13)
  3 fire bats (Gauntlet)
  23 yaks
  2 redbacks (Gauntlet)
  12 vampire mosquitoes
  8 basilisks
  Grum (D:8)
  2 steam dragons
  Menkaure (D:7)
  A warg (D:9)
  Edmund (D:4)
  An acid dragon (Lair:5)
  A hell hound (Gauntlet)
  16 water moccasins
  2 orc warriors
  2 swamp drakes (Lair:5)
  An ice beast (D:5)
  4 black bears
  25 wolves
  An ogre (D:5)
  8 centaurs
  A lemure (D:9)
  A phantom (D:5)
  3 kobold brigands
  A gnoll sergeant (D:7)
  7 bullfrogs
  A necrophage (D:4)
  5 scorpions
  4 water moccasin zombies (Ossuary)
  8 wights
  6 killer bees (D:9)
  7 howler monkeys
  2 electric eels
  4 crimson imps (Gauntlet)
  7 jellies
  4 orc priests
  2 gnoll boudas
  3 hounds
  10 iguanas
  Ijyb (D:4)
  13 orc wizards
  2 mummies (Ossuary)
  13 gnolls
  8 adders
  A shadow imp (D:7)
  An ufetubus (D:6)
  3 adder zombies (Ossuary)
  3 dart slugs
  43 orcs
  7 ball pythons
  4 bats
  4 endoplasms
  3 giant cockroaches
  6 goblins
  9 hobgoblins
  2 jackals (D:3)
  3 quokkas
  6 frilled lizards
  3 gnoll zombies (Ossuary)
  5 hobgoblin zombies (Ossuary)
  17 kobolds
  3 kobold zombies (Ossuary)
  5 orc zombies (Ossuary)
  8 rats
  A bush (Lair:3)
565 creatures vanquished.

Vanquished Creatures (others)
  A human (D:13)
  14 demonic plants (Gauntlet)
  25 fungi
  43 plants
  20 withered plants (Gauntlet)
103 creatures vanquished.

Grand Total: 668 creatures vanquished

Notes
Turn   | Place    | Note
-------+----------+-------------------------------------------
     0 | D:1      | ChadusMaximus the Minotaur Fighter began the quest for the
                  | Orb.
     0 | D:1      | Reached XP level 1. HP: 19/19 MP: 0/0
   224 | D:1      | Reached XP level 2. HP: 27/27 MP: 1/1
   502 | D:1      | Found a faded altar of an unknown god.
   826 | D:1      | Reached XP level 3. HP: 32/33 MP: 2/2
  1587 | D:2      | Found a hazy altar of Hepliaklqana.
  1839 | D:3      | Reached XP level 4. HP: 41/41 MP: 3/3
  2125 | D:3      | Found Cobboil's Book Shop.
  2341 | D:3      | Reached XP level 5. HP: 47/47 MP: 4/4
  2505 | D:3      | Noticed a centaur
  2511 | D:3      | Killed a centaur
  2512 | D:3      | Reached skill level 5 in Fighting
  2512 | D:3      | Reached skill level 5 in Armour
  2512 | D:3      | Reached skill level 5 in Shields
  3128 | D:4      | Noticed Ijyb
  3135 | D:4      | Killed Ijyb
  3136 | D:4      | Reached XP level 6. HP: 56/56 MP: 5/5
  3294 | D:4      | Found a sand-covered staircase.
  3303 | Ossuary  | Entered an ossuary
  3484 | Ossuary  | Reached skill level 5 in Axes
  3808 | Ossuary  | Reached XP level 7. HP: 51/62 MP: 6/6
  4105 | D:4      | Noticed Edmund
  4118 | D:4      | Killed Edmund
  5036 | D:5      | Entered Level 5 of the Dungeon
  5238 | D:5      | Reached XP level 8. HP: 71/71 MP: 7/7
  7316 | D:6      | Reached XP level 9. HP: 81/81 MP: 8/8
  7853 | D:7      | HP: 3/81 [electric eel/bolt of electricity (8)]
  7957 | D:7      | Found a staircase to the Ecumenical Temple.
  7987 | Temple   | Entered the Ecumenical Temple
  8042 | Temple   | Became a worshipper of Warmaster Okawaru
  8245 | D:7      | Found a glowing golden altar of the Shining One.
  8246 | D:7      | Found a blossoming altar of Fedhas.
  8287 | D:7      | Found a sacrificial altar of Ru.
  8290 | D:7      | Found a shimmering altar of Xom.
  8290 | D:7      | Found a sacrificial altar of Ru.
  8292 | D:7      | Found a basalt altar of Yredelemnul.
  8292 | D:7      | Found a glowing silver altar of Zin.
  8292 | D:7      | Found a bloodstained altar of Trog.
  8377 | D:7      | Noticed Menkaure
  8387 | D:7      | Killed Menkaure
  8654 | D:8      | Reached skill level 1 in Invocations
  8787 | D:8      | Reached * piety under Okawaru
  9151 | D:8      | Noticed Grum
  9165 | D:8      | Killed Grum
  9288 | D:8      | Reached XP level 10. HP: 90/91 MP: 11/11
  9733 | D:9      | Found a broken altar of Ashenzari.
  9746 | D:9      | Noticed Pikel
  9755 | D:9      | Killed Pikel
  9755 | D:9      | Reached ** piety under Okawaru
  9821 | D:9      | Identified the +5 shortbow of Sepireas {freeze, rC+ rCorr}
  9969 | D:9      | Found a staircase to the Orcish Mines.
 10085 | D:9      | Noticed a deep troll
 10087 | D:9      | Found the necklace of Bloodlust {*Rage Will++ Int-3 Slay+6}
 10098 | D:9      | Killed a deep troll
 10098 | D:9      | Reached *** piety under Okawaru
 10099 | D:9      | Reached skill level 5 in Invocations
 10164 | D:9      | Noticed a deep troll
 10173 | D:9      | Killed a deep troll
 10351 | D:9      | Found a staircase to the Lair.
 10359 | D:9      | Reached skill level 10 in Fighting
 10359 | D:9      | Reached skill level 10 in Armour
 10360 | D:9      | Reached skill level 10 in Shields
 10368 | D:9      | Reached **** piety under Okawaru
 10373 | D:9      | Reached XP level 11. HP: 99/99 MP: 12/14
 10598 | D:9      | Got the Secrets of the Excursion
 10602 | D:9      | Noticed Psyche
 10612 | D:9      | Killed Psyche
 10613 | D:9      | Reached skill level 10 in Axes
 10735 | D:10     | Entered Level 10 of the Dungeon
 10922 | D:10     | Noticed a two-headed ogre
 10931 | D:10     | Killed a two-headed ogre
 10936 | D:10     | Reached ***** piety under Okawaru
 11187 | D:10     | Noticed a two-headed ogre
 11192 | D:10     | Killed a two-headed ogre
 12226 | Lair:1   | Entered Level 1 of the Lair of Beasts
 12248 | Lair:1   | Identified the +5 ring mail of Zuphidab {+Blink} (Okawaru
                  | gifted it to you on level 1 of the Lair of Beasts)
 12248 | Lair:1   | Received a gift from Okawaru
 12249 | Lair:1   | Reached skill level 1 in Throwing
 12672 | Lair:1   | Noticed a four-headed hydra
 12673 | Lair:1   | Noticed a four-headed hydra
 12684 | Lair:1   | Killed a ten-headed hydra
 12688 | Lair:1   | Killed a 13-headed hydra
 13411 | Lair:2   | Reached XP level 12. HP: 110/110 MP: 16/16
 14113 | Lair:2   | Found a staircase to the Snake Pit.
 14266 | Lair:2   | Noticed an eight-headed hydra
 14273 | Lair:2   | Killed a 12-headed hydra
 14384 | Lair:2   | Reached skill level 5 in Throwing
 14742 | Lair:3   | Noticed a four-headed hydra
 14750 | Lair:3   | Killed an eight-headed hydra
 14861 | Lair:3   | Identified the +1 kite shield of the Lich-sworn {Str+5
                  | Dex+2} (Okawaru gifted it to you on level 3 of the Lair of
                  | Beasts)
 14861 | Lair:3   | Received a gift from Okawaru
 15288 | Lair:3   | Noticed Fannar
 15298 | Lair:3   | Killed Fannar
 15393 | Lair:3   | Noticed a seven-headed hydra
 15399 | Lair:3   | Killed a ten-headed hydra
 15521 | Lair:3   | Found a staircase to the Shoals.
 16058 | Lair:4   | Identified the +0 chain mail of Fedhas's Respect {Contam
                  | +Inv rPois SInv}
 16128 | Lair:4   | Noticed an eight-headed hydra
 16145 | Lair:4   | Noticed a four-headed hydra
 16149 | Lair:4   | HP: 3/112 [four-headed hydra (10)]
 16150 | Lair:4   | Noticed a six-headed hydra
 16526 | Lair:4   | Reached XP level 13. HP: 118/118 MP: 17/17
 16947 | Lair:4   | You fall into a shaft and drop 1 floor!
 16947 | Lair:5   | Entered Level 5 of the Lair of Beasts
 17270 | Lair:5   | Found a viscous altar of Jiyva.
 17270 | Lair:5   | Found a staircase to the Slime Pits.
 17481 | Lair:5   | Received a gift from Okawaru
 17535 | Lair:5   | Reached ****** piety under Okawaru
 17591 | Lair:5   | Found a runed translucent door.
 17773 | Lair:5   | Received a gift from Okawaru
 18198 | Lair:5   | Received a gift from Okawaru
 19046 | Lair:5   | Noticed a fire dragon
 19064 | Lair:5   | Killed a fire dragon
 19065 | Lair:5   | Reached XP level 14. HP: 62/129 MP: 18/18
 19662 | D:12     | Found Woromm's Magic Scroll Shop.
 19677 | D:12     | Received a gift from Okawaru
 19700 | D:12     | Found a gate leading to a gauntlet.
 19727 | Gauntlet | Entered a Gauntlet
 19727 | Gauntlet | Found a transporter.
 19727 | Gauntlet | Found a transporter.
 19939 | Gauntlet | Found a transporter.
 19954 | Gauntlet | Found a transporter.
 19968 | Gauntlet | Found a transporter.
 19981 | Gauntlet | Found a transporter.
 19997 | Gauntlet | Found a transporter.
 20067 | Gauntlet | Found a transporter.
 20078 | Gauntlet | Found a transporter.
 20080 | Gauntlet | Found a large runed translucent door.
 20080 | Gauntlet | Found a large runed translucent door.
 20081 | Gauntlet | Found a large runed translucent door.
 20081 | Gauntlet | Found a large runed translucent door.
 20082 | Gauntlet | Found a runed translucent door.
 20082 | Gauntlet | Found a large runed translucent door.
 20082 | Gauntlet | Found a large runed translucent door.
 20082 | Gauntlet | Found a runed translucent door.
 20082 | Gauntlet | Found a large runed translucent door.
 20082 | Gauntlet | Found a large runed translucent door.
 20083 | Gauntlet | Found a large runed translucent door.
 20083 | Gauntlet | Found a large runed translucent door.
 20086 | Gauntlet | Found a large runed translucent door.
 20086 | Gauntlet | Found a large runed translucent door.
 20088 | Gauntlet | Found a large runed translucent door.
 20088 | Gauntlet | Found a large runed translucent door.
 20088 | Gauntlet | Found a large runed translucent door.
 20090 | Gauntlet | Found a runed translucent gate.
 20090 | Gauntlet | Found a runed translucent gate.
 20090 | Gauntlet | Found a runed translucent gate.
 20092 | Gauntlet | Found a transporter.
 20103 | Gauntlet | Found a large runed translucent door.
 20105 | Gauntlet | Found a transporter.
 20121 | Gauntlet | Found a transporter.
 20188 | Gauntlet | Found a transporter.
 20198 | Gauntlet | Found a transporter.
 20232 | Gauntlet | Found a transporter.
 20242 | Gauntlet | Found a transporter.
 20382 | Gauntlet | Received a gift from Okawaru
 20383 | Gauntlet | Reached skill level 10 in Throwing
 20430 | Gauntlet | Identified the +0 pair of gloves of Qiboc {Int+5}
 20535 | Gauntlet | Identified the ring of Ebeosuff {Wiz Stlth+}
 20560 | Gauntlet | Identified the ring "Wudwott" {rElec Int+2 Dex+6}
 20578 | Gauntlet | Got the Compilation of the Wayfarer and Transmogrification
 21304 | D:12     | Received a gift from Okawaru
 21531 | D:12     | Found the +3 warlock's mirror {reflect}
 22116 | D:13     | Noticed Snorg
 22131 | D:13     | Killed Snorg
 22261 | D:13     | Identified the +9 dagger of Wyrd {flame, Str+6}
 22391 | D:13     | Received a gift from Okawaru
 22593 | D:13     | Identified the +6 hand axe of Qeyho {vorpal, rElec}
 22660 | D:13     | Received a gift from Okawaru
 22696 | D:13     | Found a gate to the Vaults.
 23191 | D:14     | Found a flickering gateway to a bazaar.
 23201 | Bazaar   | Entered a bazaar
 23215 | Bazaar   | Found Korchafyo's Magic Scroll Shoppe.
 23215 | Bazaar   | Found Numoheon's Jewellery Emporium.
 23238 | Bazaar   | Found Pefya's Antique Weapon Shoppe.
 23238 | Bazaar   | Found Erruinni's Distillery.
 23271 | Bazaar   | Found Rixtem's Weapon Shoppe.
 23331 | Bazaar   | Bought a scroll of enchant weapon for 105 gold pieces
 23331 | Bazaar   | Bought a scroll of enchant weapon for 105 gold pieces
 23331 | Bazaar   | Bought a scroll of blinking for 105 gold pieces
 23331 | Bazaar   | Bought a scroll of blinking for 105 gold pieces
 23345 | Bazaar   | Bought a potion of haste for 100 gold pieces
 23345 | Bazaar   | Bought a potion of might for 40 gold pieces
 23345 | Bazaar   | Bought 2 potions of mutation for 160 gold pieces
 23345 | Bazaar   | Bought a potion of curing for 30 gold pieces
 23345 | Bazaar   | Bought a potion of curing for 30 gold pieces
 23345 | Bazaar   | Bought a potion of curing for 30 gold pieces
 23396 | D:14     | Received a gift from Okawaru
 23434 | D:14     | Noticed lis82's ghost (journeyman DgAE)
 23446 | D:14     | Found a transporter.
 23469 | D:14     | Received a gift from Okawaru
 23724 | D:14     | Found a frozen archway.
 23735 | IceCv    | Entered an ice cave
 24143 | IceCv    | Reached XP level 15. HP: 139/139 MP: 19/19
 24656 | IceCv    | Received a gift from Okawaru
 25072 | IceCv    | Noticed a frost giant
 25072 | IceCv    | Noticed a frost giant
 25092 | IceCv    | Killed a frost giant
 25096 | IceCv    | HP: 5/208 [ironbound frostheart (10)]
 25096 | IceCv    | Annihilated by an ironbound frostheart

Illustrated notes

Levels and vault maps discovered:
D:1:      arrival_zaba_pyramid, layout_basic, ebering_ecumenical_altar_mist
D:2:      layout_basic, basic_altar, minmay_tall_x
D:3:      minmay_evil_eye, layout_basic, serial_shops, nicolae_shop_statue_plus
D:4:      layout_cave_pods, lightli_ossuary_entry_decrepit_ruins,
          minmay_misc_feat_ornament, uniq_edmund, uniq_ijyb
D:5:      layout_loops_cross, minmay_diced_spiral
D:6:      layout_rooms, minmay_fractal_squares_gapless_5
D:7:      layout_rooms, doesnt_xom_only_xom, nicolae_overflow_squiral,
          minmay_temple_entry_mist, uniq_menkaure
D:8:      layout_cave_pods, serial_column_ruins, column_ruins_grid_3,
          column_ruins_corridor_plus, column_ruins_columns_straight,
          column_ruins_columns_dead_end, column_ruins_open_tiny_water,
          column_ruins_columns_straight, supply_closet_lemuel, the_hattery,
          uniq_grum
D:9:      layout_loops_ring, lemuel_round_altar, minmay_lair_entry_grove,
          david_orc_3, chequers_serial_rivers_large_a,
          hellmonk_guarded_unrand_vitality_bloodlust, uniq_psyche, uniq_pikel
D:10:     layout_loops_cross, minmay_checkerbox
D:11:     layout_irregular_city
D:12:     minmay_smoke_and_mirrors, layout_gridville, gauntlet_entry_generic,
          serial_shops, nicolae_shop_hallway_stairs
D:13:     layout_gridville, ximxim_vaults_locker_room, uniq_snorg
D:14:     four-leaf_vault, layout_basic, portal_ice_cave_entry_ice_statue_two,
          gammafunk_ghost_stat_death, minivault_23, serial_shops,
          bzr_entry_lakeside, uniq_josephine
Temple:   mainiacjoe_temple_bowtie_tessellation
Lair:1:   layout_cellular_growth
Lair:2:   beast_lair_carwin_large_2, layout_cellular_growth,
          guppyfry_snake_entry_island
Lair:3:   layout_misc_corridors, elwin_shoals_entry_rooms, uniq_fannar
Lair:4:   layout_misc_corridors, beast_lair_carwin_11
Lair:5:   wormcave, layout_small_grid, guppyfry_lair_end_dragon,
          minmay_slime_entry_pillars
IceCv:    ice_cave_small_giant

Skill      XL: |  1  2  3  4  5  6  7  8  9 10 11 12 13 14 15 |
---------------+----------------------------------------------+-----
Armour         | 4 5 6 7 9 10 11 12 13 14 | 14.6
Shields        | 4 5 6 7 9 10 11 12 13 14 | 14.6
Fighting       | 4 5 6 7 9 10 11 12 13 14 | 14.7
Axes           | 3 4 5 6 7 8 9 10 12 13 14 | 14.5
Invocations    | 3 6 7 8 |  8.4
Throwing       | 3 7 9 11 | 11.9

Action                   |  1- 3 |  4- 6 |  7- 9 | 10-12 | 13-15 || total
-------------------------+-------+-------+-------+-------+-------++-------
Melee: War axe           |    97 |   153 |   332 |   391 |   237 ||  1210
       Headbutt          |    10 |    24 |    53 |    80 |   117 ||   284
       Broad axe         |       |       |       |       |   216 ||   216
Throw: Javelin           |       |       |       |       |     6 ||     6
       Boomerang         |       |       |       |       |     6 ||     6
       Throwing net      |       |       |       |       |     1 ||     1
Invok: Heroism           |       |       |     3 |    14 |    19 ||    36
       Finesse           |       |       |       |     1 |     2 ||     3
  Use: Potion            |       |       |     3 |     1 |       ||     4
       Scroll            |       |       |       |    12 |     8 ||    20
Armor: Scale mail        |    44 |    84 |    56 |       |       ||   184
       Plate armour      |       |       |   158 |   248 |   255 ||   661
Dodge: Dodged            |    39 |    63 |   142 |   269 |   149 ||   662
Block: Buckler           |    23 |    31 |    86 |   106 |       ||   246
       Kite shield       |       |       |       |    57 |   318 ||   375
